 Dungeon Crawl Stone Soup version 0.22.1-6-g1668fe2 (webtiles) character file.

95 doot the Slasher (level 4, -5/33 HPs)
             Began as a Vampire Gladiator on Jan 21, 2019.
             Slain by a gnoll (9 damage)
             ... on level 3 of the Dungeon.
             The game lasted 00:02:01 (2022 turns).

doot the Slasher (Vampire Gladiator)                Turns: 2022, Time: 00:02:02

Health: -5/33      AC:  0    Str: 13    XL:     4   Next: 40%
Magic:  2/4        EV: 22    Int: 11    God:
Gold:   129        SH:  0    Dex: 20    Spells: 3/3 levels left

rFire    . . .     SeeInvis +   (weapon currently unavailable)
rCold    . . .     Gourm    .   (shield currently unavailable)
rNeg     + . .     Faith    .   (armour currently unavailable)
rPois    .         Spirit   .   (helmet currently unavailable)
rElec    .         Reflect  .   (cloak currently unavailable)
rCorr    .         Harm     .   (gloves currently unavailable)
MR       .....                  (boots currently unavailable)
Stlth    ++++......             (no amulet)
HPRegen  0.11/turn              (ring currently unavailable)
MPRegen  0.09/turn              (ring currently unavailable)

@: bat-form, flying, very quick
A: tiny, fangs 3, see invisible
a: End Transformation


You were on level 3 of the Dungeon.
You were not thirsty.
You were in vampire-bat-form.
You visited 1 branch of the dungeon, and saw 3 of its levels.

You collected 129 gold pieces.

Inventory:

Hand Weapons
 a - a +0 long sword (melded)
Missiles
 d - 3 throwing nets (quivered)
Armour
 b - a +0 leather armour (melded)
 c - a +0 helmet (melded)
Scrolls
 g - 2 scrolls of immolation {unknown}
 i - 4 scrolls of teleportation {unknown}
 k - a scroll of enchant armour {unknown}
 l - 2 scrolls of identify {unknown}
 m - a scroll of amnesia {unknown}
 o - a scroll of enchant weapon {unknown}
 p - a scroll of fear {unknown}
 q - a scroll of remove curse {unknown}
Potions
 e - 2 potions of blood
 f - a potion of might {unknown}
 h - 2 potions of heal wounds {unknown}
 j - 2 potions of curing {unknown}
 n - a potion of agility {unknown}
 r - a potion of haste {unknown}


   Skills:
 + Level 2.3 Fighting
 + Level 4.0 Long Blades
 + Level 1.6 Throwing
 + Level 1.0 Armour
 + Level 4.0 Dodging
 + Level 1.1 Stealth


You had 3 spell levels left.
You didn't know any spells.
Your spell library was empty.

Dungeon Overview and Level Annotations

Branches:
Dungeon (3/15)

Altars:
Makhleb
Ru


Innate Abilities, Weirdness & Mutations

You have razor-sharp teeth.
You have supernaturally acute eyesight. (SInv)
((You can survive without breathing.))


Message History

Robin barely misses you.
You riposte.
You slash Robin!
You kill Robin!
Your Armour skill increases to level 1!
Your Dodging skill increases to level 4!
The gnoll hits you!
* * * LOW HITPOINT WARNING * * *
The dart slug launches a dart at you. The slug dart hits you!
* * * LOW HITPOINT WARNING * * *
Found a ration.
Items here: ( ))))) [[ †††††
Items here: )) †††† Yummy - fresh blood!
You see here a stone.
You turn into a vampire bat.
Your +0 long sword melds into your body.
Your +0 helmet melds into your body.
Your +0 leather armour melds into your body.
The gnoll hits you!
You die...

#.# #.# ###
#.###.# #.....#
####..# #. ##.#.##
#.## ##.###.##
#... #.##
##.######..% #
##.###.###..)#..
.# ##.#.##
#.#b#g#.##
##..####.#g#....#
#..#.)..#wgg..#
#....#######......
#.##....# .####
#.#####.# .# #.# #
.# #.. .# ##. #


You could see a gnoll, a dart slug and a hobgoblin.

Vanquished Creatures
  Robin (D:3)
  A gnoll (D:3)
  2 dart slugs
  2 worms (D:2)
  A leopard gecko (D:2)
  A ball python (D:3)
  3 giant cockroaches
  13 goblins
  9 hobgoblins
  6 jackals (D:3)
  7 kobolds
  4 bats (D:2)
  5 frilled lizards
  4 rats
59 creatures vanquished.

Notes
Turn   | Place    | Note
-------+----------+-------------------------------------------
     0 | D:1      | doot the Vampire Gladiator began the quest for the Orb.
     0 | D:1      | Reached XP level 1. HP: 16/16 MP: 1/1
   408 | D:1      | Reached XP level 2. HP: 21/22 MP: 2/2
   879 | D:2      | Found a sacrificial altar of Ru.
  1294 | D:2      | Reached XP level 3. HP: 25/27 MP: 3/3
  1774 | D:3      | Reached skill level 1 in Stealth
  1791 | D:3      | Found a burning altar of Makhleb.
  1976 | D:3      | Reached XP level 4. HP: 29/33 MP: 4/4
  1999 | D:3      | Noticed Robin
  2017 | D:3      | Killed Robin
  2017 | D:3      | Reached skill level 1 in Armour
  2022 | D:3      | Slain by a gnoll

Skill      XL: |  1  2  3  4 |
---------------+-------------+-----
Fighting       | 2 |  2.3
Stealth        | 1 |  1.1
Long Blades    | 4 |  4.0
Armour         | 1 |  1.0
Dodging        | 4 |  4.0
Throwing       | |  1.6

Action                   |  1- 3 |  4- 6 || total
-------------------------+-------+-------++-------
Melee: Long sword        |   117 |    39 ||   156
       Bite              |    13 |     8 ||    21
 Abil: Bat Form          |       |     1 ||     1
  Use: Potion            |     3 |     1 ||     4
 Stab: Sleeping          |     1 |       ||     1
Armor: Leather armour    |    40 |    10 ||    50
Dodge: Dodged            |   100 |    30 ||   130
       Rpst.: Long sword |    30 |    18 ||    48
